 Dungeon Crawl Stone Soup version 0.29.1-13-g9f3cf754e1 (webtiles) character file.

Game seed: 1434965130127381063

735 GigaChad the Chopper (level 7, -1/60 HPs)
             Began as a Minotaur Fighter on Jan 19, 2023.
             Was an Initiate of Hepliaklqana.
             Slain by an iguana (9 damage)
             ... on level 4 of the Dungeon.
             The game lasted 00:05:32 (4084 turns).

GigaChad the Chopper (Minotaur Fighter)             Turns: 4084, Time: 00:05:32

Health: -1/60      AC:  8    Str: 23    XL:     7   Next: 45%
Magic:  6/6        EV:  9    Int:  5    God:    Hepliaklqana [......]
Gold:   245        SH:  8    Dex:  9    Spells: 6/6 levels left

rFire   . . .      SeeInvis .   a - +0 war axe
rCold   . . .      Faith    .   k - +0 kite shield
rNeg    . . .      Spirit   .   b - +0 scale mail
rPois   .          Reflect  .   (helmet restricted)
rElec   .          Harm     .   j - +0 cloak
rCorr   .          Rampage  .   (no gloves)
Will    .....                   (no boots)
Stlth   ..........              (no amulet)
HPRegen 0.20/turn               (no ring)
MPRegen 0.10/turn               (no ring)

@: no status effects
A: horns 2, retaliatory headbutt
a: Renounce Religion


You were on level 4 of the Dungeon.
You worshipped Hepliaklqana.
Hepliaklqana was noncommittal.
You visited 1 branch of the dungeon, and saw 4 of its levels.
You also visited: Sewer.

You collected 245 gold pieces.

Inventory:

Hand Weapons
 a - a +0 war axe (weapon)
Missiles
 x - a throwing net (quivered)
Armour
 b - a +0 scale mail (worn)
 c - a +0 buckler
 j - a +0 cloak (worn)
 k - a +0 kite shield (worn)
Scrolls
 e - 2 scrolls of noise {unknown}
 g - a scroll of poison {unknown}
 i - 3 scrolls of butterflies {unknown}
 l - 3 scrolls of teleportation
 p - a scroll of vulnerability {unknown}
 q - a scroll of fear {unknown}
 s - a scroll of blinking {unknown}
 u - 3 scrolls of identify {unknown}
 v - a scroll of summoning {unknown}
 y - a scroll of enchant armour {unknown}
Potions
 d - 2 potions of might
 f - 4 potions of curing {unknown}
 h - 2 potions of ambrosia {unknown}
 m - 3 potions of degeneration {unknown}
 n - 3 potions of heal wounds {unknown}
 o - 2 potions of brilliance {unknown}
 r - a potion of haste {unknown}
 t - 2 potions of magic {unknown}
 w - 4 potions of flight


   Skills:
 + Level 4.8 Fighting
 + Level 6.9 Axes
 + Level 0.1 Throwing
 + Level 5.7 Armour
 + Level 2.1 Dodging
 + Level 0.4 Stealth
 + Level 5.5 Shields


You had 6 spell levels left.
You didn't know any spells.
Your spell library contained the following spells:

 Spells                   Type           Power      Damage    Failure   Level
 Magic Dart               Conj           0%         1d3       98%         1
 Call Imp                 Summ           0%         N/A       99%         2
 Sublimation of Blood     Necr           0%         N/A       99%         2
 Wereblood                Tmut           0%         N/A       99%         2
 Mephitic Cloud           Conj/Pois/Air  0%         N/A       100%        3
 Summon Hydra             Summ           0%         N/A       100%        7


Dungeon Overview and Level Annotations

Branches:
Dungeon (4/15)              Sewer (visited)
 Temple: D:4-7

Altars:
Hepliaklqana
Wu Jian


Innate Abilities, Weirdness & Mutations

You have a pair of horns on your head.
You reflexively headbutt those who attack you in melee.


Message History

The ogre is heavily wounded.
You hit the orc but do no damage. You hit the hobgoblin. You hit the kobold.
The orc hits you with a +0 flail. The kobold hits you but does no damage.
You block the hobgoblin's attack. The ogre hits you with a +0 giant club!
An iguana comes into view.
The orc hits you but does no damage.
The hobgoblin hits you but does no damage.
The kobold closely misses you.
The iguana hisses angrily.
You hit the ogre but do no damage. You headbutt the ogre.
The ogre is severely wounded.
You slash the hobgoblin!
You kill the hobgoblin!
You slash the kobold!
You kill the kobold!
You hit the orc.
You kill the orc!
The ogre closely misses you.
Unknown command.
You slash the ogre!
You kill the ogre!
You hit the jelly.
Your hands burn!
* * * LOW HITPOINT WARNING * * *
The jelly barely misses you. You furiously retaliate!
You headbutt the jelly. The jelly attacks as you move away! The jelly hits you.
* * * LOW HITPOINT WARNING * * *
You are splashed with acid!
* * * LOW HITPOINT WARNING * * *
Things that are here:
a +0 giant club; an ogre corpse The jelly attacks as you move away!
The jelly closely misses you.
You slash the jelly!
You kill the jelly!
Things that are here:
a +0 giant club; an ogre corpse The iguana bites you.
* * * LOW HITPOINT WARNING * * *
You completely miss the iguana. Your headbutt misses the iguana.
The iguana bites you!
You die...

.... ##############. #.
..... .............. #.
............. #[
...........# #.
#..........## ##.
............# #..
#...........## #..
#.....)).....# #..
#......@..†..##########.
#.....)l...#............
#..........#####....####
######?##### #....####
... #....#... ....
#..###... ..>...
##..##... ......
##...... ...... ####...


You could see an iguana.

Vanquished Creatures
  Duvessa (D:4)
  An ogre (D:4)
  A necrophage (D:4)
  Dowan (D:4)
  2 hounds (D:4)
  A jelly (D:4)
  A merfolk siren (Sewer)
  2 orc wizards
  A merfolk avatar (Sewer)
  4 gnolls (D:3)
  3 river rats (Sewer)
  6 adders
  An ufetubus (D:2)
  A worm (D:3)
  3 dart slugs
  10 orcs
  5 bats
  9 endoplasms
  8 giant cockroaches
  5 goblins
  4 hobgoblins
  4 jackals (D:3)
  7 quokkas
  8 ball pythons
  8 frilled lizards
  4 kobolds
  27 rats
128 creatures vanquished.

Vanquished Creatures (others)
  13 plants (D:4)
13 creatures vanquished.

Grand Total: 141 creatures vanquished

Notes
Turn   | Place    | Note
-------+----------+-------------------------------------------
     0 | D:1      | GigaChad the Minotaur Fighter began the quest for the Orb.
     0 | D:1      | Reached XP level 1. HP: 19/19 MP: 0/0
   353 | D:1      | Reached XP level 2. HP: 24/27 MP: 1/1
  1181 | D:2      | Reached XP level 3. HP: 27/33 MP: 2/2
  1184 | D:2      | Reached skill level 3 in Axes
  1893 | D:3      | Reached XP level 4. HP: 40/40 MP: 3/3
  2073 | D:3      | Found an ornate altar of the Wu Jian Council.
  2205 | D:3      | Reached skill level 4 in Axes
  2373 | D:3      | Found a glowing drain.
  2377 | Sewer    | Entered a sewer
  2395 | Sewer    | Reached XP level 5. HP: 41/46 MP: 4/4
  2659 | Sewer    | Reached skill level 5 in Axes
  3394 | D:3      | Reached skill level 1 in Dodging
  3396 | D:3      | Reached XP level 6. HP: 51/53 MP: 5/5
  3566 | D:3      | Found a hazy altar of Hepliaklqana.
  3573 | D:3      | Became a worshipper of Hepliaklqana the Forgotten
  3662 | D:4      | Reached skill level 5 in Armour
  3724 | D:4      | Reached skill level 5 in Shields
  3754 | D:4      | Noticed Duvessa
  3756 | D:4      | Noticed Dowan
  3765 | D:4      | Killed Duvessa
  3766 | D:4      | Reached skill level 6 in Axes
  3773 | D:4      | Killed Dowan
  3774 | D:4      | Reached XP level 7. HP: 30/60 MP: 6/6
  4084 | D:4      | Slain by an iguana

Illustrated notes

Levels and vault maps discovered:
D:1:      wheals_arrival_linesprint, layout_loops_ring, kennysheep_crisscross
D:2:      minmay_alternating_diamond, layout_loops_cross
D:3:      layout_loops_cross, lemuel_round_altar,
          nicolae_wu_jian_immortal_techniques, gup_sewer_entry_bowl
D:4:      cheibrodos_old_hovel, layout_rooms, kennysheep_little_box,
          kennysheep_small_spiral, hangedman_decor_riveting, minmay_lizard_king,
          uniq_duvessa

Skill      XL: |  1  2  3  4  5  6  7 |
---------------+----------------------+-----
Shields        | 4 5 |  5.5
Armour         | 4 5 |  5.7
Fighting       | 4 |  4.8
Axes           | 3 4 5 6 |  6.9
Dodging        | 1 2 |  2.1
Throwing       | |  0.1
Stealth        | |  0.4

Action                   |  1- 3 |  4- 6 |  7- 9 || total
-------------------------+-------+-------+-------++-------
Melee: War axe           |    62 |   172 |    17 ||   251
       Headbutt          |    10 |    25 |     5 ||    40
Throw: Throwing net      |       |     1 |       ||     1
Armor: Scale mail        |    48 |    88 |     7 ||   143
Dodge: Dodged            |    37 |    63 |     4 ||   104
Block: Buckler           |     9 |       |       ||     9
       Kite shield       |    30 |    71 |     9 ||   110
